 Dungeon Crawl Stone Soup version 0.30.0-20-g3615ddf2f0 (webtiles) character file.

Game seed: 5694058912187349396

9 qw the Shield-Bearer (level 2, -2/19 HPs)
             Began as a Gargoyle Fighter on May 29, 2023.
             Killed from afar by an orc wizard (4 damage)
             ... with a puff of flame
             ... on level 1 of the Dungeon.
             The game lasted 00:00:19 (1005 turns).

qw the Shield-Bearer (Gargoyle Fighter)             Turns: 1005, Time: 00:00:20

Health: -2/19      AC:  9    Str: 19    XL:     2   Next: 12%
Magic:  2/2        EV:  9    Int:  8    God:
Gold:   51         SH:  4    Dex:  9    Spells: 1/1 levels left

rFire   . . .        Y - +0 war axe
rCold   . . .        c - +0 buckler
rNeg    + . .        b - +0 scale mail
rPois   inf          (no helmet)
rElec   +            (no cloak)
rCorr   .            (no gloves)
SInv    .            (no boots)
Will    .....        (no amulet) Stlth
                     (no ring)
HPRegen 0.23/turn    (no ring)
MPRegen 0.08/turn

%: no passive effects
@: no status effects
A: sickness immunity, AC +2, negative energy resistance 1, electricity
resistance, torment resistance 1, petrification resistance
a: no special abilities


You were on level 1 of the Dungeon.
You visited 1 branch of the dungeon, and saw 2 of its levels.

You collected 51 gold pieces.


Innate Abilities, Weirdness & Mutations

You are immune to sickness and miasma.
Your stone body is resilient. (AC +2)
You are immune to poison.
You resist negative energy. (rN+)
You are resistant to electric shocks. (rElec)
You are resistant to unholy torment.
You are immune to petrification.


   Skills:
 - Level 3.2 Fighting
 + Level 2.5 Axes
 - Level 3.2 Armour
 - Level 3.2 Shields


You had one spell level left.
You didn't know any spells.
Your spell library was empty.

Inventory:

Hand Weapons
 a - a +0 club
 Y - a +0 war axe (weapon)
Armour
 b - a +0 scale mail (worn)
 c - a +0 buckler (worn)
Scrolls
 e - a scroll of identify
Potions
 d - a potion of might
 g - a potion of heal wounds {unknown}

Dungeon Overview and Level Annotations

Branches:
Dungeon (2/15)

Altars:


Message History

You block something's attack. Something hits you but does no damage.
You barely miss something. Something hits you.
You closely miss something.
You hear some strange, mumbled words.
You are confused.
Something hits you.
You bump into the rock wall.
Something hits you but does no damage.
You closely miss something. Something hits you.
You bump into the rock wall.
Something hits you but does no damage.
You barely miss something.
You hear some strange, mumbled words.
You are more confused.
You're too confused to move!
Something hits you.
You bump into the rock wall.
Something hits you but does no damage.
You bump into the rock wall.
Something hits you but does no damage.
You miss something. Something hits you but does no damage. Something hits you.
You're too confused to move!
Something hits you.
You closely miss something. Something hits you but does no damage.
You bump into the rock wall.
You feel less confused. Something hits you.
You miss something. Something hits you but does no damage.
You closely miss something.
Something hits you but does no damage. x2
You closely miss something.
You hear some strange, mumbled words.
A puff of flame appears from out of thin air!
The puff of flame hits you.
You die...

.#.##.#######.#.#.# #.###
.'..#.#.......#.#.# #...#
.#..#.#.....###.#.## #####
.#..#.#............#
....#.##....###.#..#
............# #.###########
.(###.#.##### #...........#
..###.#.#################.#
...............{@# #.#
#####.#.....####.# #.#
......#.....# #.########.#
#######.....# #.#.....##.#
............# #.#.###.##.#
###...#.....# #.#.# #.##.#
.#....#.....# #)#.# #.##.#
.#......##### #.#.# #.##.#
.#......# #.#.# #.##.#


There were no monsters in sight!

Vanquished Creatures
  An orc (D:2)
  An endoplasm (D:1)
  A hobgoblin (D:1)
  2 kobolds (D:2)
  A ball python (D:1)
  A rat (D:1)
7 creatures vanquished.

Notes
Turn   | Place    | Note
-------+----------+-------------------------------------------
     0 | D:1      | qw the Gargoyle Fighter began the quest for the Orb.
     0 | D:1      | Reached XP level 1. HP: 14/14 MP: 1/1
     0 | D:1      | 0 ||| qw: Version: 0.2-a-102-g2b76a06
     0 | D:1      | 0 ||| qw: Game counter: 444
     0 | D:1      | 0 ||| qw: Always use a shield: true
     0 | D:1      | 0 ||| qw: God list: Okawaru
     0 | D:1      | 0 ||| qw: Allow faded altars: false
     0 | D:1      | 0 ||| qw: Do Orc after D:15 true
     0 | D:1      | 0 ||| qw: Do second Lair branch before Depths: true
     0 | D:1      | 0 ||| qw: Lair rune preference: random
     0 | D:1      | 0 ||| qw: Plans: Normal, Zot:1-4, Slime:5, God:TSO, Crypt,
                  | Tomb, Pan, Hells, Abyss, Win
     0 | D:1      | 0 ||| PLANNING D:1-11
   794 | D:1      | Found a faded altar of an unknown god.
   857 | D:1      | 857 ||| READING 2 scrolls labelled FORETA AVOEST.
   858 | D:1      | 858 ||| READING scroll labelled XOYKAU HURUOWN.
   859 | D:1      | 859 ||| READING scroll labelled YTAAGUCOY.
   860 | D:1      | 860 ||| DROPPING scroll of amnesia.
   912 | D:2      | 912 ||| Stepping ~*~*~tactically~*~*~ (hiding).
   921 | D:2      | Reached XP level 2. HP: 18/19 MP: 2/2
   926 | D:2      | 926 ||| Stepping ~*~*~tactically~*~*~ (stealth).
   928 | D:2      | 928 ||| Stepping ~*~*~tactically~*~*~ (hiding).
   935 | D:2      | 935 ||| FLEEEEING.
   936 | D:2      | 936 ||| FLEEEEING.
   937 | D:2      | 937 ||| FLEEEEING.
   938 | D:2      | 938 ||| FLEEEEING.
   939 | D:2      | 939 ||| FLEEEEING.
   940 | D:2      | 940 ||| FLEEEEING.
   946 | D:2      | 946 ||| FLEEEEING.
   947 | D:2      | 947 ||| FLEEEEING.
   948 | D:2      | 948 ||| FLEEEEING.
   949 | D:2      | 949 ||| FLEEEEING.
   950 | D:2      | 950 ||| STAIRDANCE
   972 | D:2      | 972 ||| STAIRDANCE
   974 | D:2      | 974 ||| STAIRDANCE
   976 | D:2      | 976 ||| STAIRDANCE
   991 | D:1      | HP: 4/19 [something (1)]
   996 | D:1      | HP: 4/19 [something (1)]
  1002 | D:1      | HP: 1/19 [something (1)]
  1005 | D:1      | Killed from afar by an orc wizard

Levels and vault maps discovered:
D:1:      tarquinn_simple_flora_water_e, layout_basic,
          dilly_ecumenical_altar_fadedgnrine
D:2:      layout_loops_ring, nicolae_kite_square_tiling_tiny, uniq_robin

Skill      XL: |  1 |
---------------+----+-----
Axes           | 2 |  2.5
Fighting       | |  3.2
Armour         | |  3.2
Shields        | |  3.2

Action                     || total
---------------------------++-------
  Melee: War axe           ||    36
    Use: Scroll            ||     3
 Armour: Scale mail        ||    24
  Dodge: Dodged            ||    14
  Block: Buckler           ||     4

Table legend:
 A = Non-vault XP
 B = Vault XP
 C = Vault XP percentage of total XP
 D = Non-vault monster count
 E = Vault monster count
 F = Vault count percentage of total count
                 A         B        C        D         E       F
            +---------+---------+-------+---------+---------+-------
      Total |      13 |       0 |   0.0 |       7 |       0 |   0.0
            +---------+---------+-------+---------+---------+-------
        D:1 |       6 |       0 |   0.0 |       4 |       0 |   0.0
        D:2 |       7 |       0 |   0.0 |       3 |       0 |   0.0
            +---------+---------+-------+---------+---------+-------
